 Dungeon Crawl Stone Soup version 0.26.1-10-gdfb7c7de75 (webtiles) character file.

Game seed: 2282427847617689829

109 Descartes the Covert (level 4, 0/21 HPs)
             Began as a Felid Delver on Apr 9, 2021.
             Succumbed to a worker ant's poison
             ... on level 4 of the Dungeon.
             The game lasted 00:05:49 (3585 turns).

Descartes the Covert (Felid Delver)                 Turns: 3585, Time: 00:05:50

Health: 0/21       AC:  1    Str:  9    XL:     4   Next: 60%
Magic:  5/5        EV: 18    Int: 12    God:
Gold:   81         SH:  0    Dex: 17    Spells: 0/3 levels left
                                        Lives:  0   Deaths: 1

rFire    . . .     SeeInvis +     - Unarmed
rCold    . . .     Faith    .   (shield unavailable)
rNeg     . . .     Spirit   .   (armour unavailable)
rPois    .         Reflect  .   (helmet unavailable)
rElec    .         Harm     .   (cloak unavailable)
rCorr    .         Rampage  .   (gloves unavailable)
Will     .....                  (boots unavailable)
Stlth    +++++.....             (no amulet)
HPRegen  0.07/turn              (no ring)
MPRegen  0.09/turn              (no ring)

@: lethally poisoned (0 -> -11), quick
A: very small, no armour, no weapons or thrown items, stealth, claws 1, fangs 3,
see invisible, speed 1, shaggy fur 1, sharp paws
a: no special abilities


You were on level 4 of the Dungeon.
You visited 1 branch of the dungeon, and saw 5 of its levels.

You collected 81 gold pieces.

Inventory:

Missiles
 k - 58 arrows
Jewellery
 j - a +6 ring of strength {unknown}
 p - a +6 ring of dexterity {unknown}
Wands
 e - a wand of digging (3)
Scrolls
 a - 2 scrolls of fog
 b - 2 scrolls of magic mapping
 c - 2 scrolls of fear
 g - 2 scrolls of teleportation {unknown}
 h - 2 scrolls of remove curse {unknown}
 i - a scroll of random uselessness {unknown}
 m - a scroll of enchant weapon {unknown}
 o - a scroll of noise {unknown}
 q - a scroll of amnesia {unknown}
Potions
 d - 2 potions of haste
 f - 4 potions of curing {unknown}
 l - a potion of brilliance {unknown}
 n - a potion of flight {unknown}
 r - 2 potions of degeneration {unknown}
 s - a potion of mutation {unknown}


   Skills:
 - Level 3.0 Fighting
 - Level 2.6 Dodging
 + Level 10.3 Stealth
 - Level 2.0 Unarmed Combat


You couldn't memorise any spells.
You knew the following spells:

 Your Spells              Type           Power        Failure   Level
a - Confusing Touch       Hex            0%           69%         3

Your spell library contained the following spells:

 Spells                   Type           Power        Failure   Level
 Corona                   Hex            0%           32%         1
 Ensorcelled Hibernation  Hex/Ice        0%           45%         2
 Dazzling Flash           Conj/Hex       0%           69%         3
 Tukima's Dance           Hex            0%           69%         3


Dungeon Overview and Level Annotations

Branches:
Dungeon (5/15)
 Temple: D:4-7

Altars:
Hepliaklqana
Uskayaw

Annotations:
D:4 1 runed translucent door


Innate Abilities, Weirdness & Mutations

You cannot wear armour.
You are incapable of wielding weapons or throwing items.
Your paws allow you to move quietly. (Stealth)
You have sharp claws.
You have razor-sharp teeth.
You have supernaturally acute eyesight. (SInv)
You cover ground quickly.
You are covered in fur. (AC +1)
Your sharp claws are effective at attacking unaware monsters.


Message History

You are too injured to fight recklessly!
You are too injured to fight recklessly!
You feel sick. The orc misses you.
You feel sick.
* * * LOW HITPOINT WARNING * * *
You feel sick.
* * * LOW HITPOINT WARNING * * *
You feel sick.
* * * LOW HITPOINT WARNING * * *
You feel sick.
* * * LOW HITPOINT WARNING * * *
You feel sick.
* * * LOW HITPOINT WARNING * * *
You feel sick. The worker ant bites you.
* * * LOW HITPOINT WARNING * * *
You are more poisoned.
The worker ant poisons you!
There is a stone staircase leading up, spattered with blood here.
You die...

## ### #####.# #.......#
...#.###...#..##.......#
.#.#.ยงยงยง._.#...........#
.....###...#...........###
#.##...#####..............
#.......#.#............# ##
....##.................####...
........>.......@.....##....#
...)....##.......B.o.....#
........##.....).....o..##
........##.##........#...##
......................#o..#######
...........#..........#.#.....#..
.....#................#.#####....
......................#..## #....
.........##...........##o.###.#..


You could see a worker ant and 3 orcs.

Vanquished Creatures
  A hound (D:5)
  2 iguanas (D:5)
  3 gnolls (D:2)
  3 adders
  3 oozes
  A worm (D:3)
  A dart slug (D:1)
  2 leopard geckos
  2 orcs (D:4)
  6 giant cockroaches
  5 goblins
  4 hobgoblins
  3 jackals (D:5)
  A quokka (D:5)
  A ball python (D:2)
  4 bats
  A frilled lizard (D:1)
  15 kobolds
  3 rats
61 creatures vanquished.

Notes
Turn   | Place    | Note
-------+----------+-------------------------------------------
     0 | D:5      | Descartes the Felid Delver began the quest for the Orb.
     0 | D:5      | Reached XP level 1. HP: 10/10 MP: 2/2
    18 | D:5      | Noticed an iguana
    19 | D:5      | Noticed a hound
    22 | D:5      | Killed an iguana
    23 | D:5      | Reached skill level 7 in Stealth
    23 | D:5      | Reached XP level 2. HP: 14/14 MP: 3/3
    27 | D:5      | Reached skill level 8 in Stealth
    27 | D:5      | Reached XP level 3. HP: 17/17 MP: 4/4
    47 | D:5      | Reached XP level 4. HP: 21/21 MP: 5/5
    73 | D:5      | Reached skill level 9 in Stealth
   158 | D:4      | Found a hazy altar of Hepliaklqana.
   177 | D:4      | Found a runed translucent door.
  1236 | D:1      | Reached XP level 5. HP: 23/24 MP: 6/6
  1704 | D:2      | Noticed a +3 dagger
  1705 | D:2      | Noticed a +0 dagger
  1707 | D:2      | Found a hide-covered altar of Uskayaw.
  1836 | D:2      | Reached skill level 10 in Stealth
  3384 | D:3      | Learned a level 3 spell: Confusing Touch
  3489 | D:3      | HP: 1/24 [orc wizard/magic dart (9)]
  3491 | D:3      | Slain by an orc wizard
  3492 | D:3      | Reached XP level 4. HP: -1/21 MP: 4/5
  3584 | D:4      | HP: 1/21 [worker ant (2)]
  3585 | D:4      | Succumbed to a worker ant's poison

Illustrated notes

Levels and vault maps discovered:
D:1:      elethiomel_arrival_quiet, layout_basic
D:2:      layout_basic, dancing_weapons_uskayaw
D:3:      layout_loops_corners
D:4:      layout_rooms, nzn_hepliaklqana_mist_gate, ebering_ghost_sewer_f,
          kennysheep_generic_room_15
D:5:      layout_cave_pods, uniq_blork_the_orc

Skill      XL: |  1  2  3  4  5 |
---------------+----------------+-----
Stealth        | 7 8 9 10 | 10.3
Fighting       | |  3.0
Dodging        | |  2.6
Unarmed Combat | |  2.0

Action                   |  1- 3 |  4- 6 || total
-------------------------+-------+-------++-------
Melee: Unarmed           |     3 |   207 ||   210
       Bite              |       |    18 ||    18
       Punch             |       |     1 ||     1
 Cast: Confusing Touch   |       |     1 ||     1
 Stab: Sleeping          |     3 |    24 ||    27
       Confused          |       |     1 ||     1
Armor: Skin              |       |     7 ||     7
Dodge: Dodged            |       |   139 ||   139
